Match 27511993
Unlisted

Match 27511993
End
Selects Italian Coastal Battlegroup
Selects Coastal Reserves
Coastal Reserve
Construct Infanterie Kompanie
MG 42 Machine Gun Team
Grenadier Squad
Construct Panzergrenadier Kompanie
Coastal Reserve
Pak 40 Anti-tank Gun Team
MG 42 Bunker
Selects Artillery Officer
Selects Support Bunkers
Selects Designated Artillery Overwatch
Medical Bunker
Sniper
MG 42 Bunker
Selects Coastal Wall
Artillery Officer
MG 42 Bunker
Anti-tank Bunker
MG 42 Bunker
Anti-tank Bunker
MG 42 Bunker
MG 42 Bunker
Sniper
Selects Bulwark
Support Elements
MG 42 Bunker
MG 42 Bunker
rebelguy12
[KOR]Snowdrop042
iAinEng
MMMMMMMMMMMM
StarkCG
7 DIVISAO PHANTOM
Jimmy Duelista
Liquid
0
0

Comments sign in to comment!

No comments posted yet!